 Dungeon Crawl Stone Soup version 0.24.0-5-g267a8d59f4 (webtiles) character file.

Game seed: 7883863598156400297, levelgen mode: classic

1564 EnegeticOcto the Shield-Bearer (level 8, -8/76 HPs)
             Began as a Naga Air Elementalist on Nov 1, 2019.
             Was a Believer of Okawaru.
             Splashed by an orc's acid (13 damage)
             ... on level 6 of the Dungeon.
             The game lasted 00:11:07 (9562 turns).

EnegeticOcto the Shield-Bearer (NaAE)               Turns: 9562, Time: 00:11:08

Health: -8/76      AC:  0    Str: 12    XL:     8   Next: 89%
Magic:  9/11       EV: 11    Int: 16    God:    Okawaru [**....]
Gold:   258        SH: 11    Dex: 12    Spells: 11/11 levels left

rFire    . . .     SeeInvis +   o - +2 whip (flame)
rCold    . . .     Gourm    .   k - +0 shield
rNeg     . . .     Faith    .   h - +0 ring mail
rPois    +         Spirit   .   i - +1 helmet {SInv}
rElec    .         Reflect  .   (no cloak)
rCorr    .         Harm     .   (no gloves)
MR       +....                  (no barding)
Stlth    +++.......             (no amulet)
HPRegen  0.22/turn              (no ring)
MPRegen  0.12/turn              (no ring)

@: heroism, corroded, very slow
A: large, see invisible, deformed body, poison resistance, slowness 2, slow
metabolism 1, spit poison 1, AC +2
a: Spit Poison, Heroism, Renounce Religion


You were on level 6 of the Dungeon.
You worshipped Okawaru.
Okawaru was pleased with you.
You were hungry.

You visited 1 branch of the dungeon, and saw 6 of its levels.

You collected 258 gold pieces.

Inventory:

Hand Weapons
 g - a +0 war axe
 j - a +0 hand axe
 o - a +2 whip of flaming (weapon)
 t - a +0 trident of protection
Armour
 h - a +0 ring mail (worn)
 i - a +1 helmet of see invisible (worn)
 k - a +0 shield (worn)
Jewellery
 b - an uncursed ring of fire
Wands
 u - a wand of polymorph (10)
Scrolls
 a - a scroll of blinking {@r4}
 c - 7 scrolls of remove curse {@r2}
 f - a scroll of immolation
 l - a scroll of magic mapping {@r5 !r}
 n - 3 scrolls of enchant armour
 q - a scroll of enchant weapon
Potions
 d - a potion of might {unknown}
 m - a potion of lignification {@q6}
 p - a potion of ambrosia
 r - a potion of invisibility
 w - a potion of flight
Comestibles
 e - 6 rations


   Skills:
 + Level 5.7(10.7) Fighting
 + Level 4.7(9.7) Axes
 - Level 1.5(6.5) Dodging
 - Level 3.0(8.0) Stealth
 * Level 5.7(10.7) Shields
 - Level 2.0 Spellcasting
   Level 1.0 Conjurations
   Level 3.0 Air Magic
 + Level 2.7 Invocations


You had 11 spell levels left.
You didn't know any spells.
Your spell library contained the following spells:

 Spells                   Type           Power        Failure   Level  Hunger
 Shock                    Conj/Air       #...         19%         1    #......
 Swiftness                Chrm/Air       #.......     34%         2    ###....
 Static Discharge         Conj/Air       #.......     50%         3    ###....
 Airstrike                Air            ##........   77%         4    #####..
 Lightning Bolt           Conj/Air       #.........   99%         5    ######.


Dungeon Overview and Level Annotations

Branches:
Dungeon (6/15)
 Temple: D:4-7

Altars:
Cheibriados
Elyvilon
Makhleb
Okawaru
Qazlal
Xom


Innate Abilities, Weirdness & Mutations

You cannot wear boots.
Your serpentine skin is tough. (AC +2)
You have supernaturally acute eyesight. (SInv)
Armour fits poorly on your strangely shaped body.
Your system is resistant to poisons. (rPois)
You cover ground very slowly.
You have a slow metabolism.
You can spit poison.


Message History

The orc wizard shouts!
The orc shouts!
The orc wizard gestures at you while chanting.
You block the puff of flame.
The orc moves out of view.
An orc wizard is nearby!
An orc is nearby!
You hit the orc. You burn the orc.
The orc is heavily wounded.
The orc barely misses you.
You closely miss the orc.
The orc is heavily wounded.
The orc hits you but does no damage.
You hit the orc. You burn the orc.
The orc is almost dead.
The orc hits you but does no damage.
You closely miss the orc.
The orc is almost dead.
You block the orc's attack.
You barely miss the orc.
The orc is almost dead.
You block the orc's attack.
You hit the orc but do no damage.
The orc is almost dead.
The orc wizard mumbles some strange words.
The orc wizard seems to speed up.
The orc hits you but does no damage.
You hit the orc wizard. You burn the orc wizard.
The orc wizard is lightly wounded.
You block the orc wizard's attack. The orc hits you with a +0 short sword.
The orc wizard hits you but does no damage.
You hit the orc but do no damage.
The orc is almost dead.
You block the orc wizard's attack. The orc closely misses you.
You closely miss the orc wizard.
The orc wizard is lightly wounded.
The orc wizard hits you but does no damage.
You block the orc's attack.
You barely miss the orc.
The orc is almost dead.
The orc wizard gestures at you while chanting.
You block the puff of flame. The orc hits you with a +0 short sword.
You block the orc wizard's attack.
You barely miss the orc.
The orc is almost dead.
The orc wizard hits you but does no damage.
You block the orc's attack.
You hit the orc but do no damage.
The orc is almost dead.
The orc wizard hits you but does no damage.
You block the orc wizard's attack. You block the orc's attack.
Press: ? - help, Shift-Dir - straight line, f - orc wizard
Aim: an orc wizard, wielding a +0 dagger and wearing a +0 robe (lightly wounded, fast)
The splash of poison hits the orc wizard!
The orc wizard is severely wounded.
You feel slightly more hungry.
The orc wizard hits you but does no damage.
You block the orc's attack.
The orc wizard hits you with a +0 dagger.
You completely miss the orc.
The orc is almost dead.
You block the orc wizard's attack. The orc hits you but does no damage.
You hit the orc. You burn the orc.
You kill the orc!
Okawaru accepts your kill. You block the orc wizard's attack. x2
You hit the orc wizard but do no damage.
The orc wizard is heavily wounded.
The orc wizard looks braver for a moment.
You miss the orc wizard.
The orc wizard is heavily wounded.
You have got your breath back.
The orc wizard hits you but does no damage.
The orc wizard barely misses you.
You hit the orc wizard. You burn the orc wizard.
The orc wizard is almost dead.
The orc wizard points at you and mumbles some strange words.
The puff of frost hits you.
You closely miss the orc wizard.
The orc wizard is severely wounded.
You block the orc wizard's attack.
The orc wizard hits you but does no damage.
You closely miss the orc wizard.
The orc wizard is severely wounded.
You block the orc wizard's attack.
You closely miss the orc wizard.
The orc wizard is severely wounded.
The orc wizard gestures at you while chanting.
The puff of flame hits you! You block the orc wizard's attack.
You hit the orc wizard. You burn the orc wizard.
You kill the orc wizard!
Okawaru accepts your kill.
An orc comes into view. It is carrying a wand of acid (4).
You are feeling hungry.
The orc zaps a wand.
The bolt of acid hits you! The acid corrodes you!
You are splashed with acid!
The orc barely misses you.
Things that are here:
a +0 dagger; a +0 robe; 11 gold pieces You gain the combat prowess of a mighty hero.
The orc zaps a wand.
The bolt of acid hits you!!
* * * LOW HITPOINT WARNING * * *
The acid corrodes you!
You are splashed with acid!
You die...

... ... ... ....... #.
#.# #.##..# #. #.#
#.##..# #..#####.#
#.##..####+
#..#...#.###.##..#....
#..#...#.#.#.##..+....
...#.............#..#....
........@.)..........<...
...#.##o#####.#..#..####.
.................#..# #.
##...##.#####o#..#..####.
#.. #.# #.......[.... ...
... .....#....... .. ...
............... .
..........>........
............#..###..


You could see an orc.

Vanquished Creatures
  Pikel (D:4)
  Sigmund (D:4)
  A sky beast (D:6)
  An ice beast (D:5)
  A slave (D:4)
  A bullfrog (D:6)
  A wyvern zombie (D:6)
  A scorpion (D:4)
  2 crimson imps
  A bullfrog zombie (D:5)
  2 hounds
  An orc priest (D:3)
  A jelly (D:5)
  3 orc wizards
  Natasha (thrice) (D:4)
  A worker ant (D:6)
  A killer bee zombie (D:5)
  A howler monkey zombie (D:4)
  4 gnolls (D:5)
  5 adders
  2 shadow imps
  3 oozes
  2 adder skeletons
  2 worms
  A dart slug (D:1)
  2 leopard geckos
  An orc (D:6)
  3 ball pythons
  7 bats
  2 giant cockroaches (D:1)
  3 goblins
  7 hobgoblins
  7 jackals
  2 quokkas
  2 frilled lizards
  6 kobolds
  10 rats
95 creatures vanquished.

Vanquished Creatures (others)
  A worker ant (D:4)
  Robin (D:4)
  8 goblins (D:4)
  2 hobgoblins (D:4)
  A quokka (D:4)
13 creatures vanquished.

Grand Total: 108 creatures vanquished

Notes
Turn   | Place    | Note
-------+----------+-------------------------------------------
     0 | D:1      | EnegeticOcto the Naga Air Elementalist began the quest for
                  | the Orb.
     0 | D:1      | Reached XP level 1. HP: 15/15 MP: 3/3
     8 | D:1      | Noticed a black bear
     8 | D:1      | Noticed a worker ant
     8 | D:1      | Noticed a komodo dragon
     8 | D:1      | Noticed a salamander
     8 | D:1      | Noticed a hound
    19 | D:1      | Reached skill level 1 in Fighting
   131 | D:1      | Reached XP level 2. HP: 25/25 MP: 1/5
   817 | D:1      | Reached XP level 3. HP: 26/33 MP: 6/6
  2168 | D:2      | Found a stormy altar of Qazlal.
  2179 | D:2      | Found a faded altar of an unknown god.
  2594 | D:2      | Found a white marble altar of Elyvilon.
  2813 | D:2      | Reached XP level 4. HP: 9/42 MP: 7/7
  3152 | D:3      | Reached skill level 1 in Shields
  3230 | D:3      | Found a shimmering altar of Xom.
  3230 | D:3      | Found a burning altar of Makhleb.
  3389 | D:3      | Reached skill level 1 in Axes
  3858 | D:2      | Became a worshipper of Elyvilon the Healer
  4455 | D:4      | Noticed Natasha
  4469 | D:3      | Reached XP level 5. HP: 15/49 MP: 8/8
  5064 | D:4      | Found an iron altar of Okawaru.
  5076 | D:4      | Fell from the grace of Elyvilon
  5076 | D:4      | Became a worshipper of Warmaster Okawaru
  5186 | D:4      | Killed Natasha
  5186 | D:4      | Reached XP level 6. HP: 40/57 MP: 9/9
  5453 | D:4      | Noticed a slave
  5455 | D:4      | Noticed a slave
  5496 | D:4      | Killed a slave
  5748 | D:4      | Noticed Pikel
  5760 | D:4      | Noticed a slave
  5761 | D:4      | Noticed a slave
  5769 | D:4      | Killed Pikel
  5769 | D:4      | Reached * piety under Okawaru
  5769 | D:4      | Reached XP level 7. HP: 33/66 MP: 10/10
  5878 | D:4      | Killed Robin
  5952 | D:4      | Noticed Natasha
  5958 | D:4      | Killed Natasha
  5958 | D:4      | Reached ** piety under Okawaru
  6098 | D:4      | Noticed Natasha
  6133 | D:4      | Killed Natasha
  6330 | D:4      | Noticed Sigmund
  6346 | D:4      | Killed Sigmund
  6346 | D:4      | Reached XP level 8. HP: 46/73 MP: 11/11
  6587 | D:4      | Reached skill level 5 in Fighting
  6796 | D:4      | Found a snail-covered altar of Cheibriados.
  7101 | D:5      | Entered Level 5 of the Dungeon
  7385 | D:5      | Reached skill level 1 in Invocations
  7511 | D:5      | Reached skill level 5 in Shields
  9562 | D:6      | Splashed by an orc's acid

Levels and vault maps discovered:
D:1:      onia_arrival_zoo_common, layout_basic
D:2:      layout_basic, grunt_qazlal_sundering, nicolae_overflow_hidden_temple,
          chequers_ecumenical_altar_simple_redux, minmay_liquid_box
D:3:      layout_loops_corners, grunt_temple_overflow_champion_of_chaos,
          first_ration, minmay_misc_feat_plants
D:4:      layout_loops_corners, okawaru_trees_2, lemuel_coloured_pillars_altar,
          uniq_pikel, uniq_robin, uniq_sigmund, uniq_natasha
D:5:      layout_basic
D:6:      layout_basic, kennysheep_mini, minmay_temple_entry_mist, serial_shops,
          shop, corexii_item_surrounded_by_moat

Skill      XL: |  1  2  3  4  5  6  7  8 |
---------------+-------------------------+-----
Fighting       | 1 2 3 4 5 |  5.7
Shields        | 1 2 4 5 |  5.7
Axes           | 1 2 3 4 |  4.7
Invocations    | 2 |  2.7
Dodging        | |  1.5
Stealth        | |  3.0
Spellcasting   | |  2.0
Conjurations   | |  1.0
Air Magic      | |  3.0

Action                   |  1- 3 |  4- 6 |  7- 9 || total
-------------------------+-------+-------+-------++-------
Melee: Short sword       |    38 |       |       ||    38
       Hand axe          |    75 |   119 |       ||   194
       War axe           |       |    14 |    20 ||    34
       Whip              |       |       |   354 ||   354
 Cast: Shock             |    33 |       |       ||    33
Invok: Heroism           |       |       |     2 ||     2
 Abil: Spit Poison       |    16 |    24 |     8 ||    48
  Use: Potion            |     4 |       |       ||     4
       Scroll            |       |     4 |     7 ||    11
 Stab: Sleeping          |     1 |       |     1 ||     2
  Eat: Chunk             |     6 |     4 |     1 ||    11
       Ration            |       |     2 |     2 ||     4
Armor: Robe              |    12 |       |       ||    12
       Ring mail         |    33 |    36 |   128 ||   197
       Skin              |    10 |       |       ||    10
Dodge: Dodged            |    63 |    38 |    98 ||   199
Block: Shield            |    18 |    49 |   164 ||   231
